 Dungeon Sprint DCSS version 0.29-a0-187-ga23d9638d5 (webtiles) character file.

Game seed: 16124109344216082585

282 cyrus the Protected (level 6, -2/62 HPs)
             Began as a Hill Orc Fighter on Feb 21, 2022.
             Slain by a slime creature (10 damage)
             ... in the Dungeon (Sprint I: "Red Sonja").
             The game lasted 00:02:02 (688 turns).

cyrus the Protected (Hill Orc Fighter)               Turns: 688, Time: 00:02:06

Health: -2/62      AC:  8    Str: 19    XL:     6   Next: 28%
Magic:  6/6        EV:  9    Int: 10    God:
Gold:   162        SH:  5    Dex: 10    Spells: 5/5 levels left

rFire   . . .      SeeInvis .   a - +0 war axe
rCold   . . .      Faith    .   c - +0 buckler
rNeg    . . .      Spirit   .   b - +0 scale mail
rPois   .          Reflect  .   (no helmet)
rElec   .          Harm     .   (no cloak)
rCorr   .          Rampage  .   (no gloves)
Will    .....      NoTele   +   (no boots)
Stlth   ..........              (no amulet)
HPRegen 0.20/turn               (no ring)
MPRegen 0.10/turn               (no ring)

@: no status effects
A: no striking features
a: no special abilities


You were in the Dungeon.
You visited 1 branch You collected 162 gold pieces.

Inventory:

Hand Weapons
 a - a +0 war axe (weapon)
 f - a +0 giant spiked club
 i - a +0 club
 l - a +0 scythe
Armour
 b - a +0 scale mail (worn)
 c - a +0 buckler (worn)
 k - a +0 leather armour
 m - a +0 robe
Potions
 g - a potion of haste
 h - 2 potions of magic


   Skills:
 + Level 8.7 Fighting
 + Level 6.7 Axes
 + Level 8.7 Armour
 + Level 7.6 Shields
 + Level 0.8 Evocations


You had 5 spell levels left.
You didn't know any spells.
Your spell library was empty.

Dungeon Overview and Level Annotations

Branches:
Dungeon (1/1)

Altars:
Makhleb
Sif Muna
Vehumet
Wu Jian
Xom
Jiyva
Lugonu


Message History

You block the slime creature's attack.
You hit the slime creature but do no damage.
The slime creature is moderately wounded.
The slime creature hits you.
You slash the slime creature!
The slime creature is heavily wounded.
You block the slime creature's attack.
Aiming: Polymorph
Press: ? - help, Q - select action Shift-Dir - straight line, f/p - slime creature
Aim: a slime creature (heavily wounded, will become a water nymph, an alligator, or a goliath frog, chance to affect: 32%)
The slime creature easily resists.
The slime creature hits you.
You barely miss the slime creature.
The slime creature is moderately wounded.
The slime creature barely misses you.
Unknown command.
You slash the slime creature!
The slime creature is heavily wounded.
The slime creature hits you!
* * * LOW HITPOINT WARNING * * *
The slime creature hits you but does no damage.
There is an open door here.
Unknown command.
You see here a +0 ring mail.
You feel better. The slime creature barely misses you.
Blink to where?
Press: ? - help, Q - select action, (/) - cycle Dir - move target, p - slime creature
As you read the scroll of blinking, it crumbles to dust.
The slime creature hits you!
* * * LOW HITPOINT WARNING * * *
You slash the slime creature!
The slime creature is severely wounded.
The slime creature hits you!
* * * LOW HITPOINT WARNING * * *
Aiming: Polymorph
Press: ? - help, Q - select action Shift-Dir - straight line, f - slime creature
Aim: a slime creature (severely wounded, will become a water nymph, an alligator, or a goliath frog, chance to affect: 32%)
The slime creature easily resists.
The now-empty wand crumbles to dust.
The slime creature hits you!
You die...

###################
#<.#..'..#..'..#__#
#..'†.#..'÷.#.@'..+
#..#####'#####J#__#
#..# #..# #[# ##
#..# #### ##.# #..#
#+#_.+ #⌠⌠# +..._#
#### #_.#+# ##+#


You could see a slime creature.

Vanquished Creatures
  Sigmund (D)
  An ogre (D)
  A jelly (D)
  Ijyb (D)
4 creatures vanquished.

Notes
Turn   | Place    | Note
-------+----------+-------------------------------------------
     0 | D        | cyrus the Hill Orc Fighter began the quest for the Orb.
     0 | D        | Reached XP level 1. HP: 19/19 MP: 1/1
     2 | D        | Noticed Ijyb
     8 | D        | Killed Ijyb
     9 | D        | Reached skill level 5 in Fighting
     9 | D        | Reached XP level 2. HP: 20/29 MP: 2/2
     9 | D        | Reached XP level 3. HP: 25/36 MP: 3/3
    13 | D        | Noticed an ogre
    17 | D        | Killed an ogre
    18 | D        | Reached XP level 4. HP: 41/45 MP: 4/4
    62 | D        | Noticed Sigmund
    69 | D        | Killed Sigmund
    70 | D        | Reached XP level 5. HP: 31/56 MP: 5/5
    70 | D        | Reached XP level 6. HP: 35/62 MP: 6/6
   435 | D        | Found an ornate altar of the Wu Jian Council.
   435 | D        | Found a shimmering blue altar of Sif Muna.
   437 | D        | Found a radiant altar of Vehumet.
   666 | D        | Found a burning altar of Makhleb.
   666 | D        | Found a viscous altar of Jiyva.
   666 | D        | Found a shimmering altar of Xom.
   666 | D        | Found a corrupted altar of Lugonu.
   666 | D        | Noticed a slime creature
   688 | D        | Slain by a slime creature

Illustrated notes

Levels and vault maps discovered:
D:        dungeon_sprint_1 [red_sonja_temple_1, red_sonja_temple_small_1]

Skill      XL: |  1  2  3  4 |
---------------+-------------+-----
Fighting       | 5 6 8 |  8.7
Axes           | 3 4 6 |  6.7
Armour         | 4 6 8 |  8.7
Shields        | 4 6 7 |  7.6
Evocations     | |  0.8

Action                   |  1- 3 |  4- 6 || total
-------------------------+-------+-------++-------
Melee: War axe           |     6 |    21 ||    27
Evoke: Wand              |       |     5 ||     5
  Use: Potion            |     3 |     2 ||     5
       Scroll            |       |     1 ||     1
Armor: Scale mail        |       |     5 ||     5
Dodge: Dodged            |     1 |     4 ||     5
Block: Buckler           |       |     6 ||     6

Table legend: (Time is in decaauts)
 A = Elapsed time spent in this place.
 B = Non-inter-level travel time spent in this place.
 C = Inter-level travel time spent in this place.
 D = Time resting spent in this place.
 E = Time spent auto-exploring this place.
 F = Levels seen in this place.
 G = Mean time per level.
                   A        B        C        D        E       F      G
               +--------+--------+--------+--------+--------+-----+--------+
         Total |    705 |    705 |      0 |    590 |      0 |   1 |  705.0 |
       Dungeon |    705 |    705 |      0 |    590 |      0 |   1 |  705.0 |
               +--------+--------+--------+--------+--------+-----+--------+

Top non-repeatable levels by time:
       D: 705 daAuts
